 Dungeon Crawl Stone Soup version 0.22.1-1-ga44c0e5 (webtiles) character file.

10915 Lauz the Severer (level 11, -7/103 (105) HPs)
             Began as a Minotaur Berserker on Nov 7, 2018.
             Was a High Priest of Trog.
             Splashed by a centaur's acid (16 damage)
             ... on level 11 of the Dungeon.
             The game lasted 00:27:29 (12382 turns).

Lauz the Severer (Minotaur Berserker)              Turns: 12382, Time: 00:27:32

HP:   -7/103 (105)  AC:  0    Str: 25    XL:     11   Next: 42%
MP:   10/10         EV: 12    Int:  4    God:    Trog [*****.]
Gold: 783           SH:  0    Dex: 10    Spells: 10/10 levels left

rFire    . . .     SeeInvis .   S - +7 battleaxe (chop)
rCold    . . .     Gourm    +   (shield currently unavailable)
rNeg     . . .     Faith    .   t - +0 leather armour
rPois    .         Spirit   .   D - +2 hat
rElec    .         Reflect  .   P - +0 cloak
rCorr    .         Harm     .   (no gloves)
MR       .....                  v - +0 pair of boots
Stlth    ++........             e - amulet of the gourmand
HPRegen  0.27/turn              (no ring)
MPRegen  0.12/turn              (no ring)

@: corroded
A: retaliatory headbutt, horns 2
a: Berserk, Trog's Hand, Brothers in Arms, Renounce Religion


You were on level 11 of the Dungeon.
You worshipped Trog.
Trog was extremely pleased with you.
You were very full.

You visited 1 branch of the dungeon, and saw 11 of its levels.

You collected 783 gold pieces.

Inventory:

Hand Weapons
 a - a +0 hand axe
 M - a +0 longbow
 Q - a +0 war axe
 R - a +0 battleaxe
 S - a +7 battleaxe of chopping (weapon)
Missiles
 s - 64 poisoned needles
 A - 3 javelins (quivered)
 J - 6 needles of sleeping
Armour
 b - a +0 animal skin
 n - a +0 plate armour
 t - a +0 leather armour (worn)
 v - a +0 pair of boots (worn)
 x - a scarf of spirit shield
 D - a +2 hat (worn)
 P - a +0 cloak (worn)
Jewellery
 e - an amulet of the gourmand (around neck)
 B - an uncursed ring of ice
Wands
 u - a wand of iceblast (14)
 E - a wand of acid (15)
 K - a wand of polymorph (17)
 U - a wand of flame (27)
 V - a wand of disintegration (17)
Scrolls
 f - 11 scrolls of identify {unknown}
 i - 2 scrolls of enchant weapon {unknown}
 j - 3 scrolls of teleportation {unknown}
 k - 2 scrolls of random uselessness {unknown}
 m - 2 scrolls of magic mapping {unknown}
 p - 4 scrolls of remove curse {unknown}
 q - 3 scrolls of amnesia {unknown}
 y - a scroll of immolation {unknown}
 F - a scroll of blinking {unknown}
 G - 2 scrolls of noise {unknown}
 L - a scroll of fear {unknown}
 W - a scroll of enchant armour {unknown}
Potions
 d - a potion of brilliance {unknown}
 g - a potion of ambrosia {unknown}
 h - 3 potions of heal wounds {unknown}
 l - 3 potions of cancellation {unknown}
 o - 3 potions of degeneration {unknown}
 r - 2 potions of invisibility {unknown}
 w - 3 potions of haste
 z - 2 potions of might
 C - 3 potions of curing {unknown}
 H - 3 potions of mutation {unknown}
 I - a potion of flight {unknown}
 N - a potion of agility {unknown}
 O - 2 potions of resistance {unknown}
 T - a potion of magic {unknown}
 X - a potion of berserk rage {unknown}
Comestibles
 c - 20 rations


   Skills:
 + Level 12.7 Fighting
 + Level 16.4 Axes
 * Level 2.4 Armour
 - Level 2.1 Dodging
 - Level 2.9 Stealth


You had 10 spell levels left.
You didn't know any spells.
Your spell library was empty.

Dungeon Overview and Level Annotations

Branches:
Dungeon (11/15)            Temple (0/1) D:5
   Lair: D:8-11         Orc: D:9-12

Altars:
Cheibriados
Dithmenos
Elyvilon
Fedhas
Kikubaaqudgha
Okawaru
Qazlal
Ru
Sif Muna
Trog
Uskayaw
Vehumet
Wu Jian
Jiyva

Shops:
D:4 (   D:7 (

Annotations:
D:7 2 transporters
D:8 3 runed doors, Uberchile's ghost, novice FeMo


Innate Abilities, Weirdness & Mutations

You reflexively headbutt those who attack you in melee.
You have a pair of horns on your head.


Message History

There is a shaft here.
The centaur shouts!
The centaur drinks a potion.
The centaur seems to speed up.
Found a battleaxe.
The centaur wields a shortbow.
The centaur shoots an arrow.
The arrow hits you!
You see here an arrow.
The centaur zaps a wand.
The bolt of acid hits you! The acid corrodes you!
You are splashed with acid!
The acid burns!
It is a wand of acid (7).
The centaur shoots an arrow.
The arrow closely misses you.
The centaur shoots an arrow.
The arrow hits you!
The centaur shoots an arrow.
The arrow barely misses you.
You see here an arrow.
The centaur zaps a wand.
The bolt of acid misses you.
The centaur zaps a wand.
The bolt of acid hits you! The acid corrodes you!
You are splashed with acid!
The acid burns!
* * * LOW HITPOINT WARNING * * *
The centaur zaps a wand.
The bolt of acid hits you!
* * * LOW HITPOINT WARNING * * *
You are splashed with acid!
The acid burns!
You die...

...< ........ #.#
#.......### #. ..###.#
...... .. ......#
....###.# #.....#
#...... ###...# #...##
.<.†..#####(...##
.###......^.#(.(#####..#
.# #...######...@.c.....
<# #.#.## #.......####
.###.#..## #..)..#.#
>#.>.##..# #####...#
...#.###.# #..#
......##.###### ....
#####........... ....
##...####### ###.. #####


You could see a centaur.

Vanquished Creatures
  3 two-headed ogres
  Pikel (D:6)
  A deep elf mage (D:10)
  Prince Ribbit (D:7)
  A hornet (D:8)
  A hippogriff (D:7)
  A wraith (D:10)
  16 yaks
  A steam dragon (D:8)
  A hungry ghost (D:10)
  Menkaure (D:7)
  2 soldier ants (D:8)
  3 ice beasts
  2 necrophages
  4 orc warriors
  3 phantoms
  7 ogres
  5 centaurs
  A big kobold (D:10)
  Blork the orc (D:5)
  5 bullfrogs
  A wyvern skeleton (D:6)
  3 scorpions
  3 howler monkeys (D:8)
  A centaur zombie (D:5)
  A crimson imp (D:10)
  2 quasits
  2 bullfrog zombies
  5 jellies
  14 orc wizards
  2 bullfrog skeletons
  9 orc priests
  4 hounds
  An iguana (D:7)
  6 worker ants
  2 hound skeletons (D:4)
  Robin (D:2)
  6 gnolls (D:6)
  A howler monkey skeleton (D:4)
  8 river rats (D:5)
  19 adders
  2 shadow imps
  An ooze (D:5)
  An adder zombie (D:7)
  An adder skeleton (D:5)
  6 worms
  3 dart slugs
  2 leopard geckos
  46 orcs
  3 ball pythons
  6 bats
  4 giant cockroaches
  12 goblins
  8 hobgoblins
  12 jackals
  10 quokkas
  12 frilled lizards
  2 jackal skeletons (D:5)
  14 kobolds
  2 leopard gecko skeletons
  26 rats
325 creatures vanquished.

Vanquished Creatures (others)
  A crocodile (D:10)
  An orc wizard (D:6)
  An orc (D:6)
3 creatures vanquished.

Grand Total: 328 creatures vanquished

Notes
Turn   | Place    | Note
-------+----------+-------------------------------------------
     0 | D:1      | Lauz the Minotaur Berserker began the quest for the Orb.
     0 | D:1      | Reached XP level 1. HP: 19/19 MP: 0/0
   296 | D:1      | Reached skill level 4 in Axes
   314 | D:1      | Reached XP level 2. HP: 27/27 MP: 1/1
   863 | D:2      | Reached XP level 3. HP: 33/33 MP: 2/2
  1116 | D:2      | Noticed Robin
  1119 | D:2      | Reached ** piety under Trog
  1128 | D:2      | Killed Robin
  1130 | D:2      | Reached XP level 4. HP: 26/41 MP: 3/3
  1485 | D:2      | Reached skill level 5 in Axes
  1740 | D:2      | Reached skill level 5 in Fighting
  2076 | D:3      | Reached skill level 1 in Stealth
  2269 | D:3      | Found a shadowy altar of Dithmenos.
  2269 | D:3      | Found a white marble altar of Elyvilon.
  2589 | D:3      | Reached XP level 5. HP: 48/48 MP: 4/4
  2805 | D:3      | Reached *** piety under Trog
  2940 | D:4      | Noticed a phantom
  2946 | D:4      | Reached skill level 6 in Axes
  2955 | D:4      | Killed a phantom
  2955 | D:4      | Reached XP level 6. HP: 56/56 MP: 3/5
  3210 | D:4      | Reached skill level 7 in Axes
  3410 | D:4      | Found Geus's Antique Weapon Boutique.
  3439 | D:4      | Reached XP level 7. HP: 63/63 MP: 6/6
  3538 | D:4      | Reached skill level 8 in Axes
  3885 | D:4      | Found a blossoming altar of Fedhas.
  3959 | D:5      | Entered Level 5 of the Dungeon
  3959 | D:5      | Found a radiant altar of Vehumet.
  3959 | D:5      | Found a snail-covered altar of Cheibriados.
  3959 | D:5      | Found an ancient bone altar of Kikubaaqudgha.
  3959 | D:5      | Found an iron altar of Okawaru.
  3959 | D:5      | Found a deep blue altar of Sif Muna.
  3959 | D:5      | Found an ornate altar of the Wu Jian Council.
  3959 | D:5      | Found a stormy altar of Qazlal.
  3965 | D:5      | Found a bloodstained altar of Trog.
  3965 | D:5      | Noticed Blork the orc
  3976 | D:5      | Killed Blork the orc
  4025 | D:5      | Reached **** piety under Trog
  4132 | D:5      | Found a staircase to the Ecumenical Temple.
  4316 | D:5      | Reached skill level 9 in Axes
  4629 | D:5      | Reached XP level 8. HP: 60/70 MP: 4/7
  5271 | D:6      | Reached skill level 10 in Axes
  5866 | D:6      | Noticed Pikel
  5879 | D:6      | Killed Pikel
  5879 | D:6      | Reached skill level 11 in Axes
  5879 | D:6      | Reached XP level 9. HP: 81/81 MP: 6/8
  6617 | D:7      | Reached skill level 12 in Axes
  6657 | D:7      | Noticed Prince Ribbit
  6667 | D:7      | Killed Prince Ribbit
  7110 | D:7      | Reached ***** piety under Trog
  7143 | D:7      | Found a transporter.
  7164 | D:7      | Found a transporter.
  7294 | D:7      | Noticed Menkaure
  7300 | D:7      | Killed Menkaure
  7319 | D:7      | Found Xeeramon's Weapon Boutique.
  7826 | D:8      | Noticed a two-headed ogre
  7923 | D:7      | Reached skill level 13 in Axes
  8212 | D:7      | Reached skill level 10 in Fighting
  8721 | D:8      | Reached XP level 10. HP: 60/92 MP: 9/9
  9089 | D:8      | Found a hide-covered altar of Uskayaw.
  9255 | D:8      | Paralysed by a hornet for 1 turns
  9346 | D:8      | Reached skill level 14 in Axes
  9489 | D:8      | Killed a two-headed ogre
  9534 | D:8      | Found a runed gate.
  9538 | D:8      | Found a runed gate.
  9538 | D:8      | Found a runed gate.
  9539 | D:8      | Noticed Uberchile's ghost (novice FeMo)
  9542 | D:8      | Found a viscous altar of Jiyva.
  9611 | D:9      | Found a sacrificial altar of Ru.
  9640 | D:9      | Noticed a two-headed ogre
 10104 | D:9      | Killed a two-headed ogre
 10104 | D:9      | Reached skill level 15 in Axes
 10921 | D:10     | Entered Level 10 of the Dungeon
 10980 | D:10     | Reached XP level 11. HP: 94/102 MP: 10/10
 11004 | D:10     | Received a gift from Trog
 11143 | D:10     | Noticed a deep elf mage
 11151 | D:10     | Killed a deep elf mage
 11434 | D:10     | Noticed a two-headed ogre
 11442 | D:10     | Killed a two-headed ogre
 11815 | D:10     | Reached skill level 16 in Axes
 12382 | D:11     | Splashed by a centaur's acid

Skill      XL: |  1  2  3  4  5  6  7  8  9 10 11 |
---------------+----------------------------------+-----
Axes           | 4 5 6 7 9 11 13 15 16 | 16.4
Fighting       | 4 5 6 8 10 12 | 12.7
Stealth        | 1 2 |  2.9
Armour         | |  2.4
Dodging        | |  2.1

Action                   |  1- 3 |  4- 6 |  7- 9 | 10-12 || total
-------------------------+-------+-------+-------+-------++-------
Melee: Hand axe          |    55 |   145 |   365 |       ||   565
       Headbutt          |     7 |    30 |    65 |    42 ||   144
       War axe           |       |       |    18 |   165 ||   183
       Battleaxe         |       |       |       |    45 ||    45
Invok: Berserk           |       |     3 |     3 |     4 ||    10
 Stab: Sleeping          |     2 |     2 |     5 |     2 ||    11
  Eat: Chunk             |     1 |     9 |    30 |    15 ||    55
Armor: Animal skin       |     5 |     2 |       |       ||     7
       Leather armour    |       |    20 |    80 |    41 ||   141
Dodge: Dodged            |    41 |    86 |   185 |    94 ||   406
